Map: Ruins of Seras

Players

IIIIIIIIIIII - Winner!

  • Race: Zerg Zerg
  • League: Master

Miszu

  • Race: Terran Terran
  • League: Master

VOD

Have the link to the VOD?

Description

Time

  • Played on: Feb. 5, 2016, 7:53 a.m.
  • Length: 6:37
Show
View Real Time Build Order
Export as new Build Order

IIIIIIIIIIII Zerg - Winner!

Build Orders: Hatch First 

Get SALT Encoding   

  12  0:01  Drone  
  13  0:13  Overlord  
  13  0:18  Drone  
  14  0:32  Drone x2  
  14  0:35  Drone  
  17  0:54  Hatchery  
  16  0:57  Drone  
  16  1:01  Extractor  
  16  1:02  Drone  
  17  1:16  Spawning Pool  
  16  1:18  Drone  
  16  1:23  Drone  
  18  1:29  Drone  
  19  1:43  Overlord  
  19  2:03  Queen  
  19  2:06  Metabolic Boost, Queen  
  19  2:07  Zergling x2  
  24  2:10  Zergling x2  
  24  2:12  Zergling x2  
  26  2:16  Drone  
  26  2:18  Drone  
  26  2:22  Drone  
  29  2:29  Drone  
  30  2:41  Overlord  
  30  2:42  Queen  
  32  2:45  Drone x2  
  32  2:49  Drone  
  35  2:58  Drone  
  35  3:01  Overlord  
  36  3:09  Drone  
  36  3:10  Drone  
  38  3:16  Drone x6  
  44  3:27  Hatchery  
  43  3:37  Queen x2  
  47  3:50  Baneling Nest, Overlord  
  47  3:52  Drone  
  47  3:53  Drone  
  47  3:54  Drone x4  
  51  4:07  Overlord  
  51  4:08  Extractor x2  
  49  4:10  Drone x5  
  54  4:23  Drone  
  54  4:24  Drone  
  56  4:25  Evolution Chamber  
  56  4:26  Overlord  
  56  4:27  Zergling x2, Evolution Chamber  
  56  4:28  Zergling x8  
  59  4:35  Spore Crawler  
  59  4:37  Spore Crawler  
  57  4:41  Drone  
  58  4:47  Drone  
  58  4:48  Drone x2  
  58  4:50  Spore Crawler, Drone x3  
  63  5:07  Drone x6  
  63  5:13  Lair  
  69  5:20  Drone x5  
  74  5:25  Drone x2  
  74  5:27  Drone  
  79  5:28  Extractor, Drone x2  
  79  5:29  Drone  
  79  5:41  Overlord x2  
  79  5:42  Overlord  
  79  5:43  Zergling x6  
  79  5:47  Baneling x10  
  79  5:48  Baneling  
  81  5:50  Overlord  
  81  5:56  Overlord  
  81  6:01  Zergling x16  
  89  6:05  Zergling x4  
  89  6:10  Zergling x2  
  89  6:11  Zergling x4  
  94  6:15  Baneling  
  94  6:16  Zergling x2, Baneling x5  
  94  6:17  Zergling x4  
  97  6:20  Zergling x2  
Show
View Real Time Build Order
Export as new Build Order

Miszu Terran 

Build Orders: Reaper Expand 

Get SALT Encoding   

  12  0:00  SCV  
  13  0:12  SCV  
  14  0:18  Supply Depot  
  14  0:24  SCV  
  15  0:40  SCV  
  15  0:42  Barracks  
  16  0:45  Refinery  
  16  0:52  SCV  
  18  1:04  SCV  
  18  1:16  SCV  
  19  1:31  Reaper, Orbital Command  
  20  1:45  Command Center  
  20  1:52  Supply Depot  
  20  1:56  SCV  
  21  2:04  Barracks Reactor  
  21  2:08  SCV  
  22  2:16  Barracks  
  22  2:17  Refinery  
  22  2:20  SCV  
  23  2:28  Factory  
  23  2:32  SCV  
  24  2:41  Marine x2  
  26  2:44  SCV  
  27  2:52  Barracks  
  27  2:57  Orbital Command  
  27  3:00  SCV  
  27  3:05  Barracks Tech Lab  
  28  3:09  Marine  
  28  3:12  Marine, SCV  
  31  3:21  Starport  
  31  3:25  Stimpack  
  31  3:27  SCV  
  31  3:30  SCV  
  31  3:31  Marine  
  33  3:37  Factory Tech Lab  
  33  3:39  Marine, SCV  
  33  3:40  Marine  
  36  3:43  Marine  
  36  3:45  SCV  
  38  3:51  Bunker  
  38  3:53  Supply Depot  
  38  3:55  SCV  
  39  3:56  Marine  
  40  4:03  Siege Tank  
  40  4:07  Medivac  
  40  4:09  SCV  
  46  4:15  SCV  
  46  4:16  Supply Depot  
  46  4:17  Marine x2  
  47  4:19  Marine  
  47  4:22  Marine  
  51  4:24  SCV  
  51  4:27  SCV  
  51  4:29  Refinery  
  53  4:33  Engineering Bay  
  53  4:38  SCV  
  54  4:39  SCV  
  54  4:40  Supply Depot  
  54  4:45  Siege Tank  
  58  4:48  Medivac  
  58  4:50  SCV  
  61  5:00  Supply Depot  
  61  5:02  SCV  
  61  5:03  Supply Depot, SCV  
  63  5:09  Marine x4  
  63  5:14  SCV  
  68  5:16  Supply Depot  
  68  5:26  Marine, Medivac, Siege Tank  
  68  5:27  Marine x2  
  77  5:28  SCV  
  77  5:29  SCV  
  77  5:33  Supply Depot  
  78  5:43  Marine  
  78  5:44  Marine  
  78  5:45  Marine x2  
  78  5:47  SCV x2  
  78  5:49  Supply Depot  
  84  5:59  SCV x2  
  84  6:00  Marine, Siege Tank  
  84  6:02  Marine  
  91  6:06  Medivac  
  93  6:12  Marine  
  93  6:13  Marine  
  95  6:18  Marine  
  96  6:26  Command Center  
Tags
 
Add a new tag
Caveats
  • Supply blocks, unpowered buildings, or Contaminate may cause inaccurate times.
  • Supply counts are checked every 10 seconds.